 Dungeon Crawl Stone Soup version 0.21-a0-352-g5b8f553 (webtiles) character file.

308 tof the Chopper (level 6, -6/53 HPs)
             Began as a Hill Orc Chaos Knight on Oct 10, 2017.
             Mangled by Duvessa
             ... wielding a +0 short sword
              (7 damage)
             ... on level 6 of the Dungeon.
             The game lasted 00:07:07 (3076 turns).

tof the Chopper (Hill Orc Chaos Knight)             Turns: 3076, Time: 00:07:07

Health: -6/53      AC:  8    Str: 15    XL:     6   Next: 40%
Magic:  6/6        EV: 11    Int: 17    God:    Xom [.....*]
Gold:   89         SH:  0    Dex: 12    Spells: 5/5 levels left

rFire    . . .     SeeInvis .   a - +0 hand axe (chaos)
rCold    . . .     Gourm    .   (no shield)
rNeg     . . .     Faith    .   m - +0 ring mail
rPois    .         Spirit   .   (no helmet)
rElec    .         Reflect  .   f - +0 cloak
rCorr    .         Harm     .   l - +0 pair of gloves
MR       .....     Rnd*Tele +   (no boots)
Stlth    +.........             o - amulet of inaccuracy (curse)
HPRegen  0.17/turn              g - ring of teleportation (curse)
MPRegen  0.10/turn              (no ring)

@: brilliant
A: no striking features
a: Renounce Religion


You were on level 6 of the Dungeon.
You worshipped Xom.
You were Xom's teddy bear.
You were not hungry.

You visited 1 branch of the dungeon, and saw 5 of its levels.

You collected 89 gold pieces.

Inventory:

Hand Weapons
 a - a +0 hand axe of chaos (weapon)
Armour
 b - a +2 leather armour
 f - a +0 cloak (worn)
 l - a +0 pair of gloves (worn)
 m - a +0 ring mail (worn)
Jewellery
 g - a cursed ring of teleportation (left hand)
 o - a cursed amulet of inaccuracy (around neck)
Wands
 q - a wand of confusion (21/48)
Scrolls
 i - a scroll of random uselessness
 k - a scroll of teleportation
 s - a scroll of enchant armour {unknown}
Potions
 d - a potion of heal wounds {unknown}
 e - a potion of curing {unknown}
 h - 2 potions of mutation {unknown}
 j - a potion of degeneration {unknown}
 n - a potion of invisibility {unknown}
 r - a potion of haste {unknown}
 t - a potion of lignification {unknown}
 v - a potion of resistance {unknown}
Comestibles
 c - 3 bread rations
 u - 3 chunks of flesh


   Skills:
 + Level 4.7 Fighting
 * Level 6.3 Axes
 * Level 4.4 Armour
 + Level 2.0 Dodging


You had 5 spell levels left.
You didn't know any spells.

Dungeon Overview and Level Annotations

Branches:
Dungeon (6/15)
 Temple: D:4-7

Altars:
Ashenzari
Fedhas
Gozag
Makhleb
Nemelex Xobeh
Trog
Xom
The Shining One

Annotations:
D:6 Dowan, Duvessa


Message History

Duvessa hits you with a short sword.
* * * LOW HITPOINT WARNING * * *
Duvessa closely misses you.
Duvessa rages.
Duvessa hits you with a short sword.
* * * LOW HITPOINT WARNING * * *
Duvessa hits you but does no damage.
Duvessa is no longer moving quickly.
Duvessa hits you with a short sword.
* * * LOW HITPOINT WARNING * * *
There is an open door here.
Duvessa barely misses you. Duvessa closely misses you.
Okay, then.
As you read the scroll of fog, it crumbles to dust.
The scroll dissolves into smoke.
Duvessa misses you. Duvessa hits you with a short sword.
* * * LOW HITPOINT WARNING * * *
Duvessa hits you with a short sword!
You die...
Xom snickers!

#....#.# ### #####.## #.#
.## #e# ##+## .. #.#
##...##.# ###.# ##.§§..#.#
##.#.# ##§§§§....#
##....###..§§§....####..
#.......e..§§e@...........
##....###..§§§....##.# ..#
#..### ##§.§§...###.# ..#
#.# ##§....## #.# #.# #.
##...## #.# #.# #. ##'## #.#
#.# # #.# #.###.##†###
##########.######.....@)....
.........#.#.......##.######


You could see Duvessa (berserk).

Vanquished Creatures
  Edmund (D:6)
  A crimson imp (D:6)
  Natasha (thrice) (D:2)
  A worker ant (D:6)
  A howler monkey zombie (D:3)
  A gnoll (D:1)
  An adder (D:6)
  An ooze (D:1)
  2 worms
  2 leopard geckos
  An orc (D:6)
  3 ball pythons
  5 giant cockroaches
  9 goblins
  3 hobgoblins
  4 kobolds
  A quokka (D:6)
  7 bats
  3 frilled lizards
  7 rats
57 creatures vanquished.

Vanquished Creatures (collateral kills)
  A bat (D:1)
  A goblin (D:2)
2 creatures vanquished.

Grand Total: 59 creatures vanquished

Notes
Turn   | Place    | Note
-------+----------+-------------------------------------------
     0 | D:1      | tof the Hill Orc Chaos Knight began the quest for the Orb.
     0 | D:1      | Reached XP level 1. HP: 19/19 MP: 1/1
    19 | D:1      | Reached XP level 2. HP: 27/27 MP: 2/2
    63 | D:1      | Reached skill level 1 in Dodging
    95 | D:1      | Reached XP level 3. HP: 12/33 MP: 3/3
   456 | D:1      | XOM: divination: detect items
   595 | D:1      | XOM: silly message
   622 | D:1      | XOM: mild Air miscast
   899 | D:2      | XOM: divination: detect items
  1012 | D:2      | Found a sparkling altar of Nemelex Xobeh.
  1012 | D:2      | Found an opulent altar of Gozag.
  1012 | D:2      | XOM: 1-stop teleportation journey
  1041 | D:2      | Noticed Natasha
  1053 | D:2      | Killed Natasha
  1053 | D:2      | Reached skill level 5 in Axes
  1053 | D:2      | Reached XP level 4. HP: 18/40 MP: 4/4
  1145 | D:2      | Noticed Natasha
  1151 | D:2      | Killed Natasha
  1302 | D:2      | XOM: summons 2 hostile shadow creatures
  1482 | D:2      | XOM: snakes to sticks
  1511 | D:2      | Found a shattered altar of Ashenzari.
  1641 | D:2      | Noticed Natasha
  1660 | D:2      | XOM: summons 4 friendly demons
  1661 | D:2      | Killed Natasha
  1661 | D:2      | Reached XP level 5. HP: 22/46 MP: 5/5
  1661 | D:2      | XOM: harmless Hex miscast
  1939 | D:2      | Found a bloodstained altar of Trog.
  2072 | D:3      | Found a glowing golden altar of the Shining One.
  2072 | D:3      | Found a blossoming altar of Fedhas.
  2077 | D:3      | Found a faded altar of an unknown god.
  2079 | D:3      | Found a faded altar of an unknown god.
  2081 | D:3      | Found a burning altar of Makhleb.
  2124 | D:3      | You fall through a shaft for 3 floors!
  2160 | D:6      | Noticed Edmund
  2182 | D:6      | HP: 1/47 [Edmund/dire flail of protection (3)]
  2303 | D:6      | XOM: severe Ice miscast
  2317 | D:6      | XOM: cast spell 'Shadow Creatures'
  2319 | D:5      | Entered Level 5 of the Dungeon
  2455 | D:5      | XOM: harmless Necr miscast
  2583 | D:6      | XOM: summons friendly iron imp
  2594 | D:6      | Killed Edmund
  2594 | D:6      | Reached skill level 6 in Axes
  2594 | D:6      | Reached XP level 6. HP: 24/53 MP: 6/6
  2918 | D:6      | XOM: 1-stop teleportation journey
  3008 | D:6      | XOM: god gift: 16 gold pieces
  3037 | D:6      | Noticed Duvessa
  3039 | D:6      | Noticed Dowan
  3045 | D:6      | XOM: scenery: create altars
  3048 | D:6      | XOM: potion effect (brilliance)
  3068 | D:6      | HP: 1/53 [Duvessa/short sword (4)]
  3074 | D:6      | HP: 1/53 [Duvessa/short sword (1)]
  3076 | D:6      | Mangled by Duvessa

Vault maps used:
D:1:      shiori_arrival_maze, serial_curves, eino_curves_03, eino_curves_03,
          grunt_decor_arrowhead, serial_bayou_ford_a, minmay_curled_crystal,
          minmay_heptomino_o4
D:2:      grunt_temple_overflow_opulence, lightli_temple_of_fire,
          ashenzari_altar_1, minmay_misc_feat_x, uniq_natasha
D:3:      lemuel_doored_altar, chequers_temple_overflow_minitemple,
          cheibrodos_sewer_entry_drain, first_bread, trog_book
D:5:      zin_angel, temple_doors_cd, serial_park_tiny_1
D:6:      nicolae_dithmenos_shadow_blocks, uniq_duvessa, uniq_edmund,
          uniq_prince_ribbit1

Skill      XL: |  1  2  3  4  5 |
---------------+----------------+-----
Dodging        | 1 2 |  2.0
Armour         | 3 4 |  4.4
Fighting       | 4 |  4.7
Axes           | 5 6 |  6.3

Action                   |  1- 3 |  4- 6 || total
-------------------------+-------+-------++-------
Melee: Hand axe          |   100 |   201 ||   301
  Use: Scroll            |       |     6 ||     6
 Stab: Petrifying        |     2 |     1 ||     3
       Paralysed         |     1 |       ||     1
       Distracted        |       |     1 ||     1
  Eat: Chunk             |     1 |     6 ||     7
Armor: Leather armour    |    21 |       ||    21
       Ring mail         |    41 |    84 ||   125
Dodge: Dodged            |    67 |    91 ||   158

Table legend:
 A = Spawn XP
 B = Non-spawn XP
 C = Spawn XP percentage of total XP
 D = Spawn monster count
 E = Non-spawn monster count
 F = Spawn count percentage of total count
 G = Total turns spent on level
                    A         B        C        D         E        F      G
               +---------+---------+-------+---------+---------+-------+---------
         Total |       0 |     440 |   0.0 |       0 |      59 |   0.0 |  3076
               +---------+---------+-------+---------+---------+-------+---------
           D:1 |       0 |      55 |   0.0 |       0 |      23 |   0.0 |   876
           D:2 |       0 |     142 |   0.0 |       0 |      26 |   0.0 |  1123
           D:3 |       0 |      16 |   0.0 |       0 |       1 |   0.0 |   125
           D:5 |       0 |       2 |   0.0 |       0 |       1 |   0.0 |   264
           D:6 |       0 |     225 |   0.0 |       0 |       8 |   0.0 |   688
               +---------+---------+-------+---------+---------+-------+---------
